 Dungeon Crawl Stone Soup version 0.22.0-36-g8e74550 (webtiles) character file.

42408 glosham the Severer (level 13, -1/79 HPs)
             Began as a Deep Elf Abyssal Knight on Aug 24, 2018.
             Was the Champion of Lugonu.
             Slain by a yak (4 damage)
             ... on level 6 of the Lair of Beasts.
             The game lasted 05:39:05 (26868 turns).

glosham the Severer (Deep Elf Abyssal Knight)      Turns: 26868, Time: 05:39:06

Health: -1/79      AC: 23    Str: 13    XL:     13   Next: 85%
Magic:  1/7        EV: 15    Int: 19    God:    Lugonu [******]
Gold:   902        SH:  0    Dex: 19    Spells: 12/12 levels left

rFire    . . .     SeeInvis .   b - +8 Wrath of Trog {antimagic, *Rage}
rCold    . . .     Gourm    .   (shield currently unavailable)
rNeg     . . .     Faith    .   X - +3 chain mail
rPois    .         Spirit   .   U - +1 hat
rElec    .         Reflect  .   Y - +0 cloak
rCorr    .         Harm     .   V - +2 pair of gloves
MR       ++...     Clarity  +   W - +2 pair of boots
Stlth    ..........             z - amulet of rage
HPRegen  0.23/turn              A - +3 ring of protection
MPRegen  0.10/turn              B - ring of protection from magic

@: agile, lethally poisoned (-1 -> -4), berserk cooldown, slowed, very slow
A: beak, hooves 1, clarity, wild magic 1
a: Depart the Abyss, Bend Space, Banish, Corrupt, Enter the Abyss, Renounce
Religion, Evoke Berserk Rage


You were on level 6 of the Lair of Beasts.
You worshipped Lugonu.
Lugonu was exalted by your worship.
You were very hungry.

You visited 2 branches of the dungeon, and saw 18 of its levels.
You visited the Abyss 1 time.
You also visited: Ice Cave.

You collected 965 gold pieces.
You spent 63 gold pieces at shops.

Inventory:

Hand Weapons
 a - a +4 hand crossbow of freezing
 b - the +8 Wrath of Trog (weapon) {antimagic, *Rage}
   (You found it in an ice cave)

   It reduces the magical energy of the wielder, and disrupts the spells and
   magical abilities of those hit.
   Natural abilities and divine invocations are not affected.
   It may make you go berserk in combat.
 c - the +6 glaive "Tormentor" {flame, rC+ MR+ Stlth+}
   (You took it off an orc on level 9 of the Dungeon)

   It has been specially enchanted to burn those struck by it, causing extra
   injury to most foes and up to half again as much damage against particularly
   susceptible opponents.
   Big, fiery blades are also staple armaments of hydra-hunters.
   It protects you from cold.
   It affects your resistance to hostile enchantments.
   It makes you more stealthy.
 d - a +6 hand axe of distortion
 f - the +10 quarterstaff of Oozing Pus {crush, rF+++ rC+ MP-9 Dex+4}
   (You found it in an ice cave)

   It inflicts extra damage upon your enemies.
   It affects your dexterity (+4).
   It renders you almost immune to fire.
   It protects you from cold.
   It affects your magic capacity (-9).
Missiles
 j - 45 bolts
Armour
 U - a +1 hat (worn)
 V - a +2 pair of gloves (worn)
 W - a +2 pair of boots (worn)
 X - a +3 chain mail (worn)
 Y - a +0 cloak (worn)
 Z - a scarf of resistance
Magical Staves
 i - an uncursed staff of air
Jewellery
 z - an amulet of rage (around neck)
 A - a +3 ring of protection (left hand)
 B - a ring of protection from magic (right hand)
 C - the ring of Mahiqe {Ice +Inv}
   (You found it on level 3 of the Lair of Beasts)

   [ring of ice]

   It enhances your ice magic.
   It makes you vulnerable to fire.
   It protects you from cold.
   It lets you turn invisible.
 D - an uncursed ring of ice
 E - an uncursed ring of fire
 F - an uncursed ring of flight
 H - an uncursed ring of resist corrosion {unknown}
 I - an uncursed ring of see invisible
 N - an uncursed ring of positive energy
 O - an uncursed ring of positive energy
Wands
 g - a wand of digging (13)
 h - a wand of flame (17)
 n - a wand of clouds (7)
 L - a wand of iceblast (9)
 Q - a wand of paralysis (5)
Scrolls
 k - 10 scrolls of teleportation
 l - a scroll of blinking
 m - 2 scrolls of fog
 o - 6 scrolls of remove curse
 p - 4 scrolls of identify
 G - 4 scrolls of magic mapping
Potions
 q - 2 potions of lignification
 r - 6 potions of curing
 s - a potion of heal wounds
 u - a potion of invisibility
 v - a potion of haste
 w - 3 potions of cancellation
 x - 2 potions of agility
 y - a potion of might
Comestibles
 e - 22 rations
 t - 3 chunks of flesh


   Skills:
 - Level 8.3 Fighting
   Level 2.0 Short Blades
 - Level 15.0 Axes
 - Level 3.0 Armour
 * Level 9.6 Dodging
 - Level 10.6 Invocations


You had 12 spell levels left.
You didn't know any spells.
Your spell library contained the following spells:

 Spells                   Type           Power        Failure   Level  Hunger
 Animate Skeleton         Necr           N/A          100%        1    ##.....
 Beastly Appendage        Tmut           #.....       100%        1    ##.....
 Pain                     Necr           #...         100%        1    ##.....
 Shock                    Conj/Air       #...         100%        1    ##.....
 Sticks to Snakes         Tmut           #.......     100%        2    ###....
 Swiftness                Chrm/Air       #.......     100%        2    ###....
 Regeneration             Chrm/Necr      #.........   100%        3    ####...
 Spider Form              Tmut/Pois      #.........   100%        3    ####...
 Static Discharge         Conj/Air       #.......     100%        3    ####...
 Vampiric Draining        Necr           #.........   100%        3    ####...
 Airstrike                Air            #.........   100%        4    #####..
 Animate Dead             Necr           N/A          100%        4    #####..
 Ice Form                 Ice/Tmut       #.......     100%        4    #####..
 Blade Hands              Tmut           #.........   100%        5    ######.
 Lightning Bolt           Conj/Air       #.........   100%        5    ######.


Dungeon Overview and Level Annotations

Branches:
Dungeon (12/15)            Temple (0/1) D:6            Lair (6/6) D:9
 Shoals (0/4) Lair:3        Snake (0/4) Lair:4        Slime (0/5) Lair:5
    Orc (0/2) D:9

Altars:
Elyvilon
Vehumet
Xom
The Shining One

Shops:
D:5 [   D:6 [=(:   D:10 (

Annotations:
Abyss:1 Erolcha


Innate Abilities, Weirdness & Mutations

You have a beak for a mouth.
You have large cloven feet.
You possess an exceptional clarity of mind.
Your spells are a little harder to cast, but a little more powerful.


Message History

Aim: a yak (translocational energy, chance to defeat MR: 87%)
The yak is devoured by a tear in reality.
Lugonu claims a new guest.
You feel somewhat more hungry.
You feel sick. The yak gores you. The yak gores you but does no damage.
Unknown command.
Press: ? - help, Shift-Dir - straight line, f - yak
Aim: a yak (translocational energy, chance to defeat MR: 87%)
The yak is devoured by a tear in reality.
Lugonu claims a new guest.
You are starving!
You feel sick. The yak barely misses you.
Okay, then.
Eat one of 4 chunks of flesh? (ye/n/q)
You eat one of the 4 chunks of flesh.
This raw flesh tastes terrible.
You are feeling very hungry.
You feel sick. The yak gores you but does no damage. The yak barely misses you.
Evoke which item? (* to show all) (? for menu, Esc to quit)
Aiming: Paralyse
Press: ? - help, Shift-Dir - straight line, f - yak
Aim: a yak (chance to defeat MR: 46%)
The yak resists with some effort.
You feel sick. The yak gores you!
* * * LOW HITPOINT WARNING * * *
You feel agile all of a sudden.
You feel sick. The yak gores you but does no damage.
The yak closely misses you.
The +6 glaive "Tormentor" {flame, rC+ MR+ Stlth+} stops flaming.
Your +4 hand crossbow of freezing is covered in frost.
a - a +4 hand crossbow of freezing (weapon)
You feel sick.
Your +4 hand crossbow of freezing stops glowing.
You feel bloodthirsty!
b - the +8 Wrath of Trog (weapon)
{antimagic, *Rage} The yak gores you.
* * * LOW HITPOINT WARNING * * *
You slice the yak!! You peck the yak.
The yak is heavily wounded.
You feel sick. The yak gores you!
* * * LOW HITPOINT WARNING * * *
The yak gores you.
You die...

............##
.............
............#.
............
......#.....##
.!....#......
.P..........##
.P..........§##
...........§#@#
............Y##
............##
...........##
.........PP#
...........#
..........###
............##
.......÷.....#


You could see a yak.

Vanquished Creatures
  The ghost of Mifar the Earth Mage, a journeyman DEEE of Sif Muna (Lair:5)
  3 hydras
  Erica (Lair:2)
  2 two-headed ogres
  An unseen horror (D:12)
  Pikel (D:5)
  A necromancer (IceCv)
  A deep elf mage (D:12)
  5 elephants
  Joseph (D:8)
  4 black mambas
  2 ice statues (IceCv)
  7 spiny frogs
  A kobold demonologist (D:12)
  2 rime drakes
  6 ice devils (IceCv)
  7 komodo dragons
  24 blink frogs
  2 dream sheep (D:8)
  Prince Ribbit (D:9)
  A snapping turtle (Lair:3)
  5 hippogriffs
  A wyvern (Lair:2)
  41 yaks
  A human (D:9)
  2 chaos spawn (D:8)
  4 basilisks
  A steam dragon (D:10)
  2 hungry ghosts
  Duvessa (D:7)
  2 slaves (D:5)
  4 water moccasins
  A hornet zombie (D:10)
  4 orc warriors
  2 black bears
  10 porcupines
  An ice beast (D:12)
  2 sky beasts
  2 phantoms
  12 centaurs
  6 ogres
  5 wolves (Lair:3)
  3 crocodiles
  7 big kobolds
  15 bullfrogs
  Blork the orc (D:5)
  A gnoll sergeant (D:12)
  A wyvern zombie (D:7)
  Dowan (D:7)
  9 killer bees
  2 scorpions
  2 electric eels (Lair:3)
  11 wights
  6 howler monkeys
  4 crimson imps
  2 draconian simulacra (IceCv)
  4 centaur zombies
  9 jellies
  2 quasits
  Crazy Yiuf (D:6)
  5 hounds
  3 bullfrog skeletons
  A centaur skeleton (D:4)
  14 orc priests
  A gnoll shaman (D:5)
  2 iguanas (D:7)
  16 orc wizards
  Natasha (thrice) (D:4)
  12 worker ants
  A spriggan simulacrum (IceCv)
  A statue (D:7)
  A troll simulacrum (IceCv)
  A centaur simulacrum (IceCv)
  A hound zombie (D:6)
  3 worker ant zombies
  2 naga simulacra (IceCv)
  11 adders
  7 gnolls
  3 ogre simulacra (IceCv)
  2 shadow imps
  12 white imps (D:12)
  7 oozes
  3 worms (D:2)
  2 dart slugs
  6 leopard geckos
  72 orcs
  5 giant cockroaches
  5 goblins
  7 hobgoblins
  3 jackals (D:1)
  6 quokkas
  2 ball pythons
  4 bats
  8 frilled lizards
  9 kobolds
  A leopard gecko skeleton (D:5)
  A quokka skeleton (D:4)
  2 quokka zombies
  7 rats
  2 bushes (Lair:6)
  12 fungi
  2 plants
532 creatures vanquished.

Vanquished Creatures (others)
  A two-headed ogre (D:12)
  A hornet (D:12)
  A blink frog (Lair:3)
  4 yaks (Lair:6)
  A porcupine (Lair:3)
  A water moccasin (Lair:3)
  2 orc warriors
  A quokka (D:6)
  5 fungi
  37 plants
54 creatures vanquished.

Grand Total: 586 creatures vanquished

Notes
Turn   | Place    | Note
-------+----------+-------------------------------------------
     0 | Abyss:1  | glosham the Deep Elf Abyssal Knight began the quest for the Orb.
     0 | Abyss:1  | Reached XP level 1. HP: 13/13 MP: 4/4
    12 | Abyss:1  | Found a corrupted altar of Lugonu.
    16 | Abyss:1  | Found a basalt altar of Yredelemnul.
    37 | Abyss:1  | Noticed a golden eye
    42 | Abyss:1  | Noticed an orange demon
   128 | Abyss:1  | Noticed a smoke demon
   131 | D:1      | Escaped the Abyss
   425 | D:1      | Reached skill level 1 in Axes
   743 | D:1      | Reached XP level 2. HP: 18/18 MP: 5/5
   912 | D:2      | Reached skill level 2 in Axes
   947 | D:2      | Reached * piety under Lugonu
   952 | D:2      | Reached XP level 3. HP: 22/22 MP: 6/6
  1994 | D:2      | Reached skill level 3 in Axes
  1994 | D:2      | Reached XP level 4. HP: 18/27 MP: 7/7
  3079 | D:2      | Reached XP level 5. HP: 31/31 MP: 8/8
  3251 | D:3      | Reached skill level 4 in Axes
  4004 | D:4      | Found a shimmering altar of Xom.
  4004 | D:4      | Noticed an ogre
  4225 | D:3      | Reached skill level 1 in Armour
  4360 | D:4      | Reached ** piety under Lugonu
  4374 | D:3      | Reached XP level 6. HP: 33/36 MP: 9/9
  4405 | D:4      | Reached skill level 5 in Axes
  4422 | D:4      | Got a warped mace
  4435 | D:4      | Identified the cursed +1 mace of Doom {vamp, +Rage rElec rPois} (You found it on level 4 of the Dungeon)
  4744 | D:4      | Reached skill level 6 in Axes
  4744 | D:4      | Reached XP level 7. HP: 30/40 MP: 10/10
  5242 | D:4      | Noticed Natasha
  5260 | D:4      | Killed Natasha
  5269 | D:4      | Noticed Natasha
  5285 | D:4      | Killed Natasha
  5285 | D:4      | Reached skill level 3 in Fighting
  6040 | D:4      | Reached skill level 7 in Axes
  6098 | D:4      | Reached XP level 8. HP: 45/46 MP: 9/11
  6133 | D:4      | Noticed Natasha
  6145 | D:4      | Killed Natasha
  6563 | D:5      | Entered Level 5 of the Dungeon
  7009 | D:5      | Found Adwebivi's Armour Shoppe.
  7021 | D:5      | Bought a +0 pair of gloves for 63 gold pieces
  7249 | D:5      | Noticed Blork the orc
  7252 | D:5      | Gained mutation: Your spells are a little harder to cast, but a little more powerful. [potion of mutation]
  7252 | D:5      | Gained mutation: You have a beak for a mouth. [potion of mutation]
  7252 | D:5      | Gained mutation: You have large cloven feet. [potion of mutation]
  7252 | D:5      | Gained mutation: You possess an exceptional clarity of mind. [potion of mutation]
  7263 | D:5      | Killed Blork the orc
  7263 | D:5      | Reached skill level 4 in Fighting
  7426 | D:5      | Reached skill level 3 in Dodging
  7649 | D:5      | Noticed Pikel
  7687 | D:5      | Killed Pikel
  7687 | D:5      | Reached skill level 8 in Axes
  7687 | D:5      | Reached skill level 5 in Dodging
  7936 | D:6      | Found a white marble altar of Elyvilon.
  8000 | D:6      | Reached *** piety under Lugonu
  8049 | D:6      | Reached XP level 9. HP: 43/52 MP: 12/12
  8104 | D:6      | Found Moloar's Book Shoppe.
  8962 | D:6      | Found Gixof's Antique Armour Boutique.
  9023 | D:6      | Found Gevezosu's Jewellery Shoppe.
  9121 | D:6      | Reached skill level 3 in Invocations
  9165 | D:6      | Found a staircase to the Ecumenical Temple.
  9216 | D:6      | Reached skill level 6 in Dodging
  9246 | D:6      | Found Ucseg's Antique Weapon Emporium.
  9481 | D:6      | Found a runed door.
  9485 | D:6      | Noticed Crazy Yiuf
  9490 | D:6      | Killed Crazy Yiuf
  9662 | D:7      | Reached skill level 4 in Invocations
  9789 | D:7      | Reached skill level 9 in Axes
 10083 | D:7      | Found a radiant altar of Vehumet.
 10436 | D:7      | Reached **** piety under Lugonu
 10642 | D:7      | Noticed Duvessa
 10642 | D:7      | Noticed Dowan
 10651 | D:7      | Killed Dowan
 10651 | D:7      | Reached skill level 5 in Invocations
 10659 | D:7      | Killed Duvessa
 11030 | D:8      | Reached skill level 6 in Invocations
 11155 | D:8      | Noticed Joseph
 11209 | D:8      | Killed Joseph
 11209 | D:8      | Reached XP level 10. HP: 56/56 MP: 16/16
 11481 | D:8      | Reached skill level 7 in Invocations
 11555 | D:7      | Reached skill level 10 in Axes
 11866 | D:8      | Noticed a three-headed hydra
 11884 | D:8      | Killed a one-headed hydra
 11968 | D:8      | Reached skill level 8 in Invocations
 12469 | D:8      | Reached skill level 11 in Axes
 12528 | D:8      | Found the +7 mace of Variability {chain chaos}
 12628 | D:8      | Found a shimmering altar of Xom.
 12884 | D:9      | Found a staircase to the Lair.
 13025 | D:9      | Reached ***** piety under Lugonu
 13380 | D:9      | Found a staircase to the Orcish Mines.
 13414 | D:9      | Got a transparent glaive {flame}
 13631 | D:9      | Noticed Prince Ribbit
 13752 | D:9      | Killed Prince Ribbit
 13752 | D:9      | Reached XP level 11. HP: 38/62 MP: 19/19
 13880 | D:9      | Identified the +6 glaive "Tormentor" {flame, rC+ MR+ Stlth+} (You took it off an orc on level 9 of the Dungeon)
 13910 | D:10     | Entered Level 10 of the Dungeon
 13942 | D:10     | Reached skill level 5 in Fighting
 14191 | D:10     | Found Soq Zus's Weapon Shoppe.
 14233 | D:10     | Reached skill level 9 in Invocations
 14594 | D:10     | Noticed a two-headed ogre
 14605 | D:10     | Killed a two-headed ogre
 14791 | D:11     | Got a polished hand axe
 14797 | D:11     | Identified the cursed +1 hand axe of Wivupil {venom, rElec rC+} (You found it on level 11 of the Dungeon)
 15079 | D:11     | Noticed a two-headed ogre
 15087 | D:11     | Reached skill level 6 in Fighting
 15416 | D:11     | Killed a two-headed ogre
 16106 | D:12     | Noticed Erolcha
 16110 | D:12     | Banished Erolcha
 16145 | D:12     | Reached skill level 7 in Fighting
 16338 | D:12     | Noticed a two-headed ogre
 16339 | D:12     | Banished a two-headed ogre
 16339 | D:12     | Reached skill level 10 in Invocations
 16354 | D:12     | Found a frozen archway.
 16498 | IceCv    | Entered an ice cave
 17019 | IceCv    | Reached skill level 8 in Fighting
 17059 | IceCv    | Noticed a necromancer
 17067 | IceCv    | Killed a necromancer
 17588 | IceCv    | Found the +8 Wrath of Trog {antimagic, *Rage}
 17591 | IceCv    | Identified the +10 quarterstaff of Oozing Pus {crush, rF+++ rC+ MP-9 Dex+4} (You found it in an ice cave)
 17877 | D:12     | Reached XP level 12. HP: 75/75 MP: 3/21
 18479 | D:12     | Reached ****** piety under Lugonu
 18492 | D:12     | Reached skill level 12 in Axes
 19190 | D:9      | Identified a +6 hand axe of distortion (a +4 hand axe of flaming corrupted by Lugonu)
 19190 | D:9      | Received a gift from Lugonu
 19200 | Lair:1   | Entered Level 1 of the Lair of Beasts
 19233 | Lair:1   | Reached skill level 2 in Armour
 19310 | Lair:1   | Noticed an eight-headed hydra
 19321 | Lair:1   | Killed a five-headed hydra
 19958 | Lair:1   | Reached skill level 3 in Armour
 20043 | Lair:1   | Identified the +5 rapier of Balance {pierce, Int+4} (You found it on level 1 of the Lair of Beasts)
 20469 | Lair:2   | Reached skill level 13 in Axes
 21135 | Lair:2   | Noticed Erica
 21148 | Lair:2   | Killed Erica
 21581 | Lair:2   | Reached XP level 13. HP: 77/79 MP: 7/22
 22297 | Lair:3   | Reached skill level 14 in Axes
 22369 | Lair:3   | HP: 6/79 [crocodile (5)]
 22379 | Lair:3   | HP: 6/79 [blink frog (11)]
 23727 | Lair:3   | Found a staircase to the Shoals.
 23939 | Lair:3   | Got a faintly glowing jade ring
 23940 | Lair:3   | Identified the ring of Mahiqe {Ice +Inv} (You found it on level 3 of the Lair of Beasts)
 24551 | Lair:4   | Found a glowing golden altar of the Shining One.
 24879 | Lair:4   | Found a staircase to the Snake Pit.
 25060 | Lair:4   | Reached skill level 15 in Axes
 25385 | Lair:5   | Found a runed door.
 25500 | Lair:5   | Reached skill level 7 in Dodging
 25540 | Lair:5   | Noticed Mifar's ghost (journeyman DEEE)
 25575 | Lair:5   | Killed Mifar's ghost
 25862 | Lair:5   | Found a staircase to the Slime Pits.
 26299 | Lair:5   | Reached skill level 8 in Dodging
 26573 | Lair:6   | Entered Level 6 of the Lair of Beasts
 26845 | Lair:6   | Reached skill level 9 in Dodging
 26868 | Lair:6   | HP: 3/79 [yak (8)]
 26868 | Lair:6   | Slain by a yak

Skill      XL: |  1  2  3  4  5  6  7  8  9 10 11 12 13 |
---------------+----------------------------------------+-----
Axes           | 1 2 3 4 6 7 8 9 11 13 15 | 15.0
Armour         | 1 3 |  3.0
Fighting       | 3 4 8 |  8.3
Dodging        | 5 6 9 |  9.6
Invocations    | 6 8 10 | 10.6
Short Blades   | |  2.0

Action                   |  1- 3 |  4- 6 |  7- 9 | 10-12 | 13-15 || total
-------------------------+-------+-------+-------+-------+-------++-------
Melee: Short sword       |    22 |       |       |       |       ||    22
       Hand axe          |    74 |   158 |   468 |   155 |       ||   855
       Mace              |       |     9 |       |       |       ||     9
       Peck              |       |       |    45 |   114 |    70 ||   229
       Great mace        |       |       |       |   201 |       ||   201
       Glaive            |       |       |       |   127 |    38 ||   165
       Battleaxe         |       |       |       |   297 |   366 ||   663
 Fire: Hunting sling     |       |       |    22 |     6 |       ||    28
       Hand crossbow     |       |       |       |    52 |    57 ||   109
Throw: Javelin           |    20 |     1 |       |       |       ||    21
       Stone             |     3 |     1 |       |       |       ||     4
Invok: Depart the Abyss  |     1 |       |       |       |       ||     1
       Bend Space        |       |       |     5 |     1 |       ||     6
       Banish            |       |       |       |     3 |     8 ||    11
       Brand Weapon With |       |       |       |     1 |       ||     1
 Abil: Evoke Berserk Rag |       |       |     9 |    24 |     4 ||    37
Evoke: Wand              |     2 |     3 |    14 |    37 |     5 ||    61
       Box of beasts     |       |       |       |     1 |       ||     1
  Use: Scroll            |     4 |     4 |     8 |    16 |     5 ||    37
       Potion            |     4 |     1 |     2 |     2 |     4 ||    13
 Stab: Confused          |       |       |       |     1 |       ||     1
       Distracted        |       |       |       |       |     1 ||     1
  Eat: Chunk             |     3 |     6 |    25 |    39 |    15 ||    88
       Ration            |       |     4 |     1 |     8 |     2 ||    15
Armor: Leather armour    |    27 |     2 |       |       |       ||    29
       Ring mail         |       |    42 |    70 |       |       ||   112
       Skin              |       |       |     3 |       |       ||     3
       Chain mail        |       |       |    67 |   518 |   246 ||   831
Dodge: Dodged            |    42 |    80 |   136 |   265 |   131 ||   654
Block: Shield            |       |       |    43 |    53 |       ||    96

Table legend:
 A = Turns spent in this place as a percentage of turns spent in the entire game.
 B = Non-inter-level travel turns spent in this place as a percentage of non-inter-level travel turns spent in the entire game.
 C = Inter-level travel turns spent in this place as a percentage of turns spent in this place.
 D = Turns resting spent in this place as a percentage of non-inter-level travel turns spent in this place.
 E = Turns spent auto-exploring this place as a percentage of non-inter-level travel turns spent in this place.
 F = Non-inter-level travel turns spent in this place divided by the number of levels of this place that you've seen.
                   A       B       C       D       E      F
               +-------+-------+-------+-------+-------+----------------------
         Total | 100.0 | 100.0 |   6.3 |  39.1 |   2.1 | 1259.1
       Dungeon |  66.6 |  66.1 |   7.0 |  36.5 |   1.6 | 1387.0
          Lair |  28.5 |  28.7 |   5.6 |  42.5 |   3.4 | 1205.5
         Abyss |   0.5 |   0.5 |   0.0 |  24.4 |   0.0 | 131.0
      Ice Cave |   4.4 |   4.7 |   0.0 |  56.4 |   0.0 | 1173.0
               +-------+-------+-------+-------+-------+----------------------

Table legend:
 A = Kills in this place as a percentage of kills in entire the game.
 B = Kills by you in this place as a percentage of kills by you in the entire game.
 C = Kills by friends in this place as a percentage of kills by friends in the entire game.
 D = Other kills in this place as a percentage of other kills in the entire game.
 E = Experience gained in this place as a percentage of experience gained in the entire game.
 F = Experience gained in this place divided by the number of levels of this place that you have seen.
                   A       B       C       D       E      F
               +-------+-------+-------+-------+-------+----------------------
         Total | 100.0 | 100.0 |   N/A | 100.0 | 100.0 | 3029.2
       Dungeon |  70.2 |  70.8 |   N/A |  41.7 |  38.8 | 1958.5
          Lair |  26.2 |  25.5 |   N/A |  58.3 |  54.9 | 5542.8
      Ice Cave |   3.6 |   3.7 |   N/A |   0.0 |   6.3 | 3825.0
               +-------+-------+-------+-------+-------+----------------------

Vault maps used:
D:1:      minmay_arrival_glassed_features
D:2:      kennysheep_generic_room_8
D:3:      first_ration, minmay_surrounded
D:4:      st_stairs_5, xom_confusion_cloud, uniq_natasha
D:5:      serial_shops, nicolae_shop_crystal, minivault_27, grunt_ministairs_10,
          uniq_blork_the_orc, uniq_pikel
D:6:      minmay_temple_entry_glass, serial_shops, nicolae_shop_behind_doors,
          nicolae_shop_statue_plus, shop, shop_statue, elyvilon_altar_4,
          uniq_crazy_yiuf_cottage
D:7:      vehumet_statue, uniq_duvessa
D:8:      serial_bayou_pond_e, hangedman_ranch,
          minmay_guarded_unrand_variability, uniq_joseph
D:9:      dpeg_oklobed_lair, erik_orc_4, uniq_prince_ribbit1
D:10:     serial_shops, nicolae_shop_crystal, mrwooster_statue_mirror
D:12:     portal_ice_cave_entry_imps, corner_web_ring, uniq_erolcha
Lair:1:   small_statue_intersection, st_stairs_7
Lair:2:   uniq_erica
Lair:3:   minmay_shoals_entry_hut, st_stairs_6, beast_lair_carwin_10,
          infiniplex_staircase_pool
Lair:4:   dummy_snake_entry, basic_altar
Lair:5:   nicolae_slime_entry_slimehenge, ebering_ghost_reflecting_pool
Lair:6:   minmay_lair_end_frog_pond, uniq_kirke
IceCv:    ice_cave_tombish
